 Dungeon Crawl Stone Soup version 0.28.0-53-g5a82cb258f (webtiles) character file.

Game seed: 1518086698446159721

1699 Zeld the Fighter (level 8, -7/75 HPs)
             Began as a Minotaur Berserker on May 23, 2022.
             Was a Believer of Trog.
             Mangled by a six-headed hydra (11 damage)
             ... on level 5 of the Dungeon.
             The game lasted 00:06:44 (6273 turns).

Zeld the Fighter (Minotaur Berserker)               Turns: 6273, Time: 00:06:45

Health: -7/75      AC:  7    Str: 24    XL:     8   Next: 73%
Magic:  7/7        EV: 13    Int:  4    God:    Trog [**....]
Gold:   411        SH:  0    Dex: 10    Spells: 7/7 levels left

rFire   . . .      SeeInvis .   a - +0 hand axe
rCold   . . .      Faith    .   (no shield)
rNeg    . . .      Spirit   .   b - +0 animal skin
rPois   .          Reflect  .   (helmet restricted)
rElec   .          Harm     .   w - +0 cloak
rCorr   .          Rampage  .   q - +2 pair of gloves
Will    .....                   (no boots)
Stlth   +.........              (no amulet)
HPRegen 0.22/turn               (no ring)
MPRegen 0.10/turn               (no ring)

@: no status effects
A: horns 2, retaliatory headbutt
a: Renounce Religion, Berserk, Trog's Hand


You were on level 5 of the Dungeon.
You worshipped Trog.
Trog was pleased with you.
You visited 1 branch of the dungeon, and saw 6 of its levels.

You collected 411 gold pieces.

Inventory:

Hand Weapons
 a - a +0 hand axe (weapon)
Armour
 b - a +0 animal skin (worn)
 i - a +0 pair of gloves
 q - a +2 pair of gloves (worn)
 w - a +0 cloak (worn)
Jewellery
 f - a ring of flight
 u - an amulet of regeneration
 x - a ring of fire
Wands
 y - a wand of digging (5)
Scrolls
 c - 3 scrolls of teleportation {unknown}
 d - 2 scrolls of magic mapping {unknown}
 h - a scroll of summoning {unknown}
 k - a scroll of vulnerability {unknown}
 n - a scroll of fear {unknown}
 o - 2 scrolls of enchant weapon {unknown}
 r - 2 scrolls of blinking {unknown}
 s - a scroll of immolation {unknown}
 v - a scroll of identify {unknown}
 z - a scroll of fog {unknown}
Potions
 e - 3 potions of curing {unknown}
 g - 3 potions of might {unknown}
 j - a potion of lignification {unknown}
 l - a potion of brilliance {unknown}
 m - a potion of flight {unknown}
 p - 3 potions of haste
 t - a potion of magic {unknown}


   Skills:
 * Level 8.5 Fighting
 * Level 8.5 Axes
 + Level 5.8 Armour
 + Level 5.4 Dodging


You had 7 spell levels left.
You didn't know any spells.
Your spell library was empty.

Dungeon Overview and Level Annotations

Branches:
Dungeon (6/15)
 Temple: D:4-7

Altars:
Trog
Zin

Shops:
D:5 [


Innate Abilities, Weirdness & Mutations

You have a pair of horns on your head.
You reflexively headbutt those who attack you in melee.


Message History

You headbutt the steam dragon, but do no damage.
The steam dragon is heavily wounded.
The steam dragon bites you but does no damage.
The steam dragon claws you but does no damage.
You barely miss the steam dragon.
The steam dragon is heavily wounded.
The steam dragon breathes steam at you. The ball of steam hits you!
You hear a shout!
You hit the steam dragon but do no damage.
The steam dragon is heavily wounded.
You are engulfed in a cloud of scalding steam.
The steam dragon bites you but does no damage.
The steam dragon claws you.
You hit the steam dragon. You headbutt the steam dragon.
The steam dragon is severely wounded.
You are engulfed in a cloud of scalding steam.
The steam dragon closely misses you. x2
You are too injured to fight recklessly!
You slash the steam dragon!
The steam dragon is almost dead.
The steam dragon barely misses you.
The steam dragon claws you but does no damage.
An ogre comes into view. It is wielding a +0 giant spiked club.
You hit the steam dragon.
You kill the steam dragon!
Trog accepts your kill.
Unknown command.
You see here a steam dragon corpse.
There is a stone staircase leading up here.
You climb upwards.
The six-headed hydra bites you! x2
* * * LOW HITPOINT WARNING * * *
The six-headed hydra bites you but does no damage.
The six-headed hydra bites you.
* * * LOW HITPOINT WARNING * * *
The six-headed hydra bites you but does no damage. x2
The six-headed hydra barely misses you. The six-headed hydra bites you!
* * * LOW HITPOINT WARNING * * *
The six-headed hydra bites you!
You die...

....................#####.#
#########.................#
........#.###.#...#########
#######...# #.#..........|#
##...### #....#..#####.#
####..### ###......## #..#
#....######.[.....## #.##
..#####.......#...# #.#
....##..##.#..#.@D# #.#
###.##.##.........#
##.########
....##.##.#.#.#...#
#..........
.......#..........#
###....####
....###...#.#.#...# #....#
# ..................#
#....# #
.....##.#.#.#.#...# #....#
# ....##..#.......######
#....# # ....#...#^....#.#
#.# #....# #


You could see a six-headed hydra.

Vanquished Creatures
  A two-headed ogre (D:5)
  A steam dragon (D:6)
  A water moccasin (D:5)
  A black bear (D:5)
  A necrophage (D:5)
  An ogre (D:5)
  A centaur (D:4)
  A phantom (D:4)
  A water moccasin skeleton (D:5)
  A bullfrog zombie (D:5)
  A centaur zombie (D:5)
  A hound (D:5)
  2 orc priests (D:3)
  Jessica (D:2)
  An iguana (D:6)
  An orc wizard (D:5)
  A scorpion zombie (D:5)
  10 adders
  A worm (D:3)
  A dart slug (D:1)
  9 orcs
  10 ball pythons
  5 bats
  5 endoplasms
  4 giant cockroaches
  5 goblins
  8 hobgoblins
  4 quokkas
  2 frilled lizards (D:1)
  7 kobolds
  11 rats
100 creatures vanquished.

Vanquished Creatures (others)
  3 fungi (D:3)
3 creatures vanquished.

Grand Total: 103 creatures vanquished

Notes
Turn   | Place    | Note
-------+----------+-------------------------------------------
     0 | D:1      | Zeld the Minotaur Berserker began the quest for the Orb.
     0 | D:1      | Reached XP level 1. HP: 19/19 MP: 0/0
   281 | D:1      | Reached XP level 2. HP: 18/27 MP: 1/1
   601 | D:1      | Found a faded altar of an unknown god.
   891 | D:1      | Reached XP level 3. HP: 30/33 MP: 2/2
  1083 | D:2      | Reached ** piety under Trog
  1639 | D:2      | Noticed Jessica
  1653 | D:2      | Killed Jessica
  1654 | D:2      | Reached XP level 4. HP: 19/41 MP: 3/3
  2231 | D:3      | Found a glowing silver altar of Zin.
  2371 | D:2      | Reached skill level 5 in Fighting
  2659 | D:3      | Reached XP level 5. HP: 37/48 MP: 4/4
  2663 | D:3      | Reached skill level 5 in Axes
  3175 | D:3      | Found a bloodstained altar of Trog.
  3911 | D:4      | Noticed a phantom
  3932 | D:4      | Killed a phantom
  3933 | D:4      | Reached XP level 6. HP: 45/57 MP: 5/5
  4556 | D:5      | Entered Level 5 of the Dungeon
  4602 | D:5      | Reached XP level 7. HP: 57/64 MP: 6/6
  4769 | D:5      | Noticed a two-headed ogre
  4786 | D:5      | Killed a two-headed ogre
  4787 | D:5      | Reached skill level 5 in Armour
  4787 | D:5      | Reached XP level 8. HP: 74/74 MP: 7/7
  4863 | D:5      | Reached *** piety under Trog
  4864 | D:5      | Reached skill level 5 in Dodging
  5692 | D:5      | Found Kitaunuh's Armour Emporium.
  5919 | D:6      | Noticed a six-headed hydra
  6273 | D:5      | Mangled by a six-headed hydra

Illustrated notes

Levels and vault maps discovered:
D:1:      amcnicky_arrival_double_pillar, layout_basic,
          shapermc_ecumenical_altar_ellora, minmay_rat_gold_closets
D:2:      layout_basic, uniq_jessica
D:3:      layout_basic, zin_academy, lightli_temple_of_fire,
          portal_sewer_entry_a, minmay_shallow_snake_nest
D:4:      wander_river, layout_cave_pools
D:5:      layout_rooms, serial_co_window_serial, co_window_paths_a,
          co_window_paths_b, co_window_paths_a, co_window_corner_a,
          co_window_paths_a, co_window_paths_a, co_window_paths_a,
          co_window_2corner, co_window_2corner, co_window_of_opportunity_c,
          co_window_2corner, co_window_broadway_b, co_window_unsneaky_path_c,
          glass_columns_c, glass_columns_b, glass_columns_c, glass_columns_c,
          glass_columns_b, nicolae_stop_n_shop_1, minmay_checkerbox
D:6:      layout_rooms, gammafunk_temple_overflow_pools, serial_corexii_hall,
          corexii_hall_statues_x, chequers_hall_statues_y,
          corexii_hall_statues_s, chequers_hall_statues_corner_a,
          chequers_hall_statues_y, corexii_hall_statues_s,
          eino_small_chamber_without_monster, corner_web_ring,
          nicolae_elevator_lobby_plus, uniq_grinder

Skill      XL: |  1  2  3  4  5  6  7  8 |
---------------+-------------------------+-----
Fighting       | 4 5 6 7 8 |  8.5
Axes           | 4 5 6 7 8 |  8.5
Armour         | 3 4 5 |  5.8
Dodging        | 3 4 5 |  5.4

Action                   |  1- 3 |  4- 6 |  7- 9 || total
-------------------------+-------+-------+-------++-------
Melee: Hand axe          |    84 |   126 |    68 ||   278
       Headbutt          |     6 |    27 |    18 ||    51
       Punch             |     2 |     1 |       ||     3
Invok: Trog's Hand       |       |     1 |       ||     1
       Berserk           |       |       |     1 ||     1
 Stab: Sleeping          |     2 |       |       ||     2
Armor: Animal skin       |    21 |    51 |    41 ||   113
Dodge: Dodged            |    72 |   118 |    47 ||   237
